 Dungeon Crawl Stone Soup version 0.27-a0-1456-gf5a116941d (webtiles) character file.

Game seed: 18254094757698596291

53 Conn the Firebug (level 3, 0/31 HPs)
             Began as an Octopode Fire Elementalist on July 6, 2021.
             Slain by Natasha (5 damage)
             ... on level 2 of the Dungeon.
             The game lasted 00:02:27 (2418 turns).

Conn the Firebug (Octopode Fire Elementalist)       Turns: 2418, Time: 00:02:28

Health: 0/31       AC:  1    Str:  7    XL:     3   Next: 89%
Magic:  4/6        EV: 13    Int: 18    God:
Gold:   48         SH:  0    Dex: 12    Spells: 2/6 levels left

rFire    . . .     SeeInvis .   a - +0 short sword
rCold    . . .     Faith    .   (no shield)
rNeg     . . .     Spirit   .   (helmet restricted)
rPois    .         Reflect  .   (no amulet)
rElec    .         Harm     .   (no ring)
rCorr    .         Rampage  .   (no ring)
Will     .....                  (no ring)
Stlth    ..........             (no ring)
HPRegen  0.10/turn              (no ring)
MPRegen  0.10/turn              (no ring)
                                (no ring)
                                (no ring)

@: berserking, very quick
A: almost no armour, amphibious, 8 rings, camouflage 1, gelatinous body 1,
(nimble swimmer 1), tentacles
a: no special abilities


You were on level 2 of the Dungeon.
You visited 1 branch of the dungeon, and saw 2 of its levels.

You collected 48 gold pieces.

Inventory:

Hand Weapons
 a - a +0 short sword (weapon)
Scrolls
 b - a scroll of enchant weapon {unknown}
 c - a scroll of noise {unknown}
 d - 2 scrolls of identify {unknown}
 g - a scroll of amnesia {unknown}
 h - a scroll of enchant armour {unknown}
 i - a scroll of fear {unknown}
Potions
 f - a potion of haste {unknown}


   Skills:
 + Level 2.0 Dodging
 + Level 3.2 Stealth
 + Level 2.4 Spellcasting
 * Level 1.7 Conjurations
 * Level 3.8 Fire Magic


You had 2 spell levels left.
You knew the following spells:

 Your Spells              Type           Power      Damage    Failure   Level
a - Foxfire               Conj/Fire      48%        2x1d6     5%          1
b - Conjure Flame         Conj/Fire      12%        6-21      17%         3

Your spell library contained the following spells:

 Spells                   Type           Power      Damage    Failure   Level
 Apportation              Tloc           4%         N/A       17%         1
 Inner Flame              Hex/Fire       9%         N/A       24%         3
 Sticky Flame             Conj/Fire      12%        2d4       50%         4
 Fireball                 Conj/Fire      6%         3d5       83%         5
 Alistair's Intoxication  Tmut/Pois      1%         N/A       99%         5
 Invisibility             Hex            1%         N/A       100%        6


Dungeon Overview and Level Annotations

Branches:
Dungeon (2/15)

Altars:

Annotations:
D:2 Natasha


Innate Abilities, Weirdness & Mutations

You cannot wear most types of armour.
You are amphibious.
You can wear up to eight rings at the same time.
Your skin changes colour to match your surroundings (Stealth+).
Your rubbery body absorbs attacks. (AC +1, EV +1)
((You are camouflaged near water. (Stealth+)))
You have tentacles for arms and can constrict up to eight enemies at once.


Message History

You see here a +0 long sword.
You open the door.
Found a stone staircase leading down.
There is an open door here.
Key pressed, stopping explore.
There is an open door here.
You see here a +0 club.
A kobold and Natasha come into view.
The kobold shouts!
Natasha hisses angrily.
Found a stone staircase leading down.
Casting: Foxfire (safe; 5% risk of failure)
Confirm with . or Enter, or press ? or * to list all spells.
You conjure some foxfire!
The kobold throws a stone.
The stone misses you.
The foxfire hits the kobold but does no damage.
The foxfire hits the kobold.
You kill the kobold!
A kobold comes into view. It is wielding a +0 dagger.
Casting: Foxfire (safe; 5% risk of failure)
Confirm with . or Enter, or press ? or * to list all spells.
You conjure some foxfire!
The kobold shouts!
Natasha claws you!
The foxfire hits Natasha but does no damage.
The foxfire hits the kobold.
The kobold is severely wounded.
Natasha claws you!
* * * LOW HITPOINT WARNING * * *
Unknown command.
Okay, then.
It was a potion of berserk rage.
A red film seems to cover your vision as you go berserk!
You feel yourself moving faster!
You feel mighty!
Natasha casts a spell.
The kobold hits you with a +0 dagger.
* * * LOW HITPOINT WARNING * * *
You closely miss Natasha. You grab Natasha.
You constrict Natasha, but do no damage.
Natasha claws you.
You die...

#####........#
.............. ..# #
#####..#.....# ..#.##
##.....#####.# ..#..
##.###.# #.# ##.... ##.#
#.# #.# #..5# ##.#
#.#####.# #.).
...###.......###h##.####
................@K....>.
##.##........####....#..
#.##)####...# .......
#.##...####.####...#...
#.#............'...# ..
#.#.#.#####.####...# .
#.#.#..#.......#...#
#....).#.#...#.#.###
###........###.#


You could see Natasha, a shadow imp (summoned) and a kobold.

Vanquished Creatures
  3 worms
  A dart slug (D:1)
  4 endoplasms
  3 giant cockroaches
  4 goblins
  4 hobgoblins
  6 kobolds
  5 ball pythons
  6 bats (D:1)
  3 frilled lizards (D:1)
  2 rats
41 creatures vanquished.

Vanquished Creatures (others)
  145 foxfires
145 creatures vanquished.

Grand Total: 186 creatures vanquished

Notes
Turn   | Place    | Note
-------+----------+-------------------------------------------
     0 | D:1      | Conn the Octopode Fire Elementalist began the quest for the
                  | Orb.
     0 | D:1      | Reached XP level 1. HP: 11/11 MP: 3/3
   318 | D:1      | Reached XP level 2. HP: 17/17 MP: 1/5
  1247 | D:1      | Reached XP level 3. HP: 21/21 MP: 3/6
  1600 | D:1      | Found a faded altar of an unknown god.
  2257 | D:2      | Learned a level 3 spell: Conjure Flame
  2410 | D:2      | Noticed Natasha
  2418 | D:2      | Slain by Natasha

Illustrated notes

Levels and vault maps discovered:
D:1:      elethiomel_arrival_quiet, layout_basic,
          shapermc_ecumenical_altar_hornbeckon, solitary_fountain
D:2:      layout_basic, uniq_sigmund, uniq_natasha

Skill      XL: |  1  2  3 |
---------------+----------+-----
Stealth        | 3 |  3.2
Dodging        | |  2.0
Spellcasting   | |  2.4
Conjurations   | |  1.7
Fire Magic     | |  3.8

Action                   || total
-------------------------++-------
Melee: Short sword       ||    15
       Constrict         ||     4
       Tentacles         ||     1
 Cast: Foxfire           ||    83
  Use: Potion            ||     1
 Stab: Sleeping          ||     1
Armor: Skin              ||     4
Dodge: Dodged            ||    22

Table legend: (Time is in decaauts)
 A = Elapsed time spent in this place.
 B = Non-inter-level travel time spent in this place.
 C = Inter-level travel time spent in this place.
 D = Time resting spent in this place.
 E = Time spent auto-exploring this place.
 F = Levels seen in this place.
 G = Mean time per level.
                   A        B        C        D        E       F      G
               +--------+--------+--------+--------+--------+-----+--------+
         Total |   2419 |   2369 |     50 |    218 |   1738 |   2 | 1209.5 |
       Dungeon |   2419 |   2369 |     50 |    218 |   1738 |   2 | 1209.5 |
               +--------+--------+--------+--------+--------+-----+--------+

Top non-repeatable levels by time:
     D:1: 2003 daAuts
     D:2: 415 daAuts
